 Dungeon Crawl Stone Soup version 0.32-a0-818-gb728d0252e (webtiles) character file.

Game seed: 5921363528223000521

270 AstroCodex24 the Chopper (level 6, -1/47 HPs)
             Began as a Vampire Fighter on Mar 23, 2024.
             Slain by a gnoll
             ... wielding a +0 halberd
              (15 damage)
             ... on level 5 of the Dungeon.
             The game lasted 00:04:55 (1015 turns).

AstroCodex24 the Chopper (Vampire Fighter)          Turns: 1015, Time: 00:04:56

Health: -1/47      AC:  6    Str: 17    XL:     6   Next: 1%
Magic:  6/6        EV:  8    Int: 10    God:
Gold:   9          SH:  4    Dex: 14    Spells: 5/5 levels left

rFire   . . .        a - +0 war axe
rCold   . . .        c - +0 buckler
rNeg    . . .        b - +0 scale mail
rPois   .            (no helmet)
rElec   .            (no cloak)
rCorr   .            (no gloves)
SInv    +            (no boots)
Will    .....        (no amulet) Stlth
                     (no ring)
HPRegen 0.47/turn    (no ring)
MPRegen 0.10/turn

%: no passive effects
@: healing quickly
A: alive, fangs 3, see invisible, vampiric 2
a: Exsanguinate


You were on level 5 of the Dungeon.
You visited 2 branches of the dungeon, and saw 6 of its levels.

You collected 9 gold pieces.

Inventory:

Hand Weapons
 a - a +0 war axe (weapon)
Armour
 b - a +0 scale mail (worn)
 c - a +0 buckler (worn)
 e - a +0 cloak
Wands
 k - a wand of quicksilver (7)
Scrolls
 f - a scroll of poison {unknown}
 i - a scroll of identify {unknown}
 j - a scroll of fog {unknown}
Potions
 d - a potion of might
 g - a potion of heal wounds {unknown}
 h - a potion of attraction {unknown}


   Skills:
 + Level 3.3 Fighting
 + Level 3.9 Axes
 + Level 3.4 Armour
 + Level 1.0 Dodging
 + Level 3.4 Shields
 + Level 0.3 Evocations


You had 5 spell levels left.
You didn't know any spells.
Your spell library was empty.

Dungeon Overview and Level Annotations

Branches:
Dungeon (5/15)             Temple (1/1) D:5

Altars:
Ashenzari
Cheibriados
Dithmenos
Hepliaklqana
Kikubaaqudgha
Makhleb
Okawaru
Qazlal
Sif Muna
Trog
Uskayaw
Vehumet
Xom


Innate Abilities, Weirdness & Mutations

Your natural rate of healing is accelerated.
You have razor-sharp teeth.
You have supernaturally acute eyesight. (SInv)
You are afflicted with vampirism and can become a bat while bloodless.


Message History

The hound bites you but does no damage. The hound bites you.
You hit the hound.
You kill the hound!
Your Dodging skill increases to level 1!
You see here a hound corpse.
You see here a hound corpse.
A gnoll comes into view. It is wielding a +0 spear.
Found a dagger.
The gnoll shouts!
You hear a shout!
A gnoll comes into view. It is wielding a +0 flail.
A jelly and a gnoll come into view.
The jelly quivers.
The gnoll shouts!
A gnoll comes into view. It is wielding a +0 halberd.
The gnoll hits you from afar with a +0 spear!
The gnoll attacks as it pursues you!
The gnoll hits you from afar with a +0 spear.
Aiming: Quicksilver Bolt
Press: ? - help, Q - select action Shift-Dir - straight line, f - jelly
Aim: a jelly (100% to hit)
The bolt of dispelling energy hits the gnoll!
The gnoll is almost dead.
The bolt of dispelling energy hits the jelly!
The jelly is almost dead.
You block the gnoll's attack.
Unknown command.
Aiming: Quicksilver Bolt
Press: ? - help, Q - select action Shift-Dir - straight line, f/p - jelly
Aim: a jelly (almost dead, 100% to hit)
The bolt of dispelling energy hits the gnoll!
You kill the gnoll!
The bolt of dispelling energy hits the jelly!!
You kill the jelly!
You have reached level 6!
The gnoll hits you with a +0 halberd! The gnoll hits you with a +0 halberd!
* * * LOW HITPOINT WARNING * * *
The gnoll attacks as it pursues you! You block the gnoll's attack.
The gnoll hits you from afar with a +0 halberd!
You die...

#.^.#.##
#......###
#.###.#.#
##...ß>ß# #.#
#...# ########
## #..## #..#
#..# #########g.
##.##
##.......g..
#..##
###.g..####...
#...#####.@gg###
##...........#
########...##
##...###
#.....######
#..........#
##†..####...#
#..### ###.#
#.## #.#


You could see 3 gnolls.

Vanquished Creatures
  A black bear (D:5)
  A howler monkey (D:5)
  2 hounds (D:5)
  A jelly (D:5)
  A gnoll (D:5)
  2 adders (D:2)
  2 dart slugs
  2 ball pythons
  2 bats
  2 endoplasms (D:2)
  2 giant cockroaches
  A hobgoblin (D:1)
  3 quokkas
  A frilled lizard (D:1)
  A rat (D:2)
24 creatures vanquished.

Vanquished Creatures (others)
  A goblin (D:2)
1 creature vanquished.

Grand Total: 25 creatures vanquished

Notes
Turn   | Place    | Note
-------+----------+-------------------------------------------
     0 | D:1      | AstroCodex24 the Vampire Fighter began the quest for the
                  | Orb.
     0 | D:1      | Reached XP level 1. HP: 17/17 MP: 1/1
   190 | D:1      | Reached XP level 2. HP: 23/23 MP: 2/2
   340 | D:2      | Found a faded altar of an unknown god.
   409 | D:2      | Gained mutation: You are afflicted with vampirism and can
                  | become a bat while bloodless. [Vampire growth]
   409 | D:2      | Reached XP level 3. HP: 23/28 MP: 3/3
   613 | D:5      | Entered Level 5 of the Dungeon
   618 | D:5      | Noticed a black bear
   625 | D:5      | Killed a black bear
   626 | D:5      | Reached XP level 4. HP: 24/35 MP: 4/4
   627 | D:5      | Reached XP level 5. HP: 28/41 MP: 5/5
   633 | D:5      | Found a staircase to the Ecumenical Temple.
   648 | Temple   | Entered the Ecumenical Temple
   847 | D:5      | Found a snail-covered altar of Cheibriados.
   956 | D:5      | Reached skill level 1 in Dodging
  1013 | D:5      | Reached XP level 6. HP: 35/47 MP: 6/6
  1015 | D:5      | Slain by a gnoll

Illustrated notes

Levels and vault maps discovered:
D:1:      dpeg_arrival_round_a, layout_basic
D:2:      layout_basic, ebering_ecumenical_altar_box
D:3:      layout_loops_ring, lemuel_doored_altar,
          chequers_serial_rivers_micro_e, corexii_corridor_pit,
          uniq_crazy_yiuf_cottage
D:4:      layout_basic, gup_sewer_entry_bowl, uniq_robin
D:5:      layout_layer_cave, mainiacjoe_overflow_surrounded_room,
          grunt_temple_overflow_diamond, temple_statues
Temple:   nicolae_temple_figure_eight

Skill      XL: |  1  2  3  4  5 |
---------------+----------------+-----
Axes           | 2 3 |  3.9
Shields        | 3 |  3.4
Fighting       | 3 |  3.3
Armour         | 3 |  3.4
Dodging        | 1 |  1.0
Evocations     | |  0.3

Action                     |  1- 3 |  4- 6 || total
---------------------------+-------+-------++-------
  Melee: War axe           |    43 |    15 ||    58
         Bite              |     4 |       ||     4
  Evoke: Wand              |     2 |     3 ||     5
 Armour: Scale mail        |    60 |    25 ||    85
  Dodge: Dodged            |    34 |     6 ||    40
  Block: Buckler           |    20 |     5 ||    25

Table legend: (Time is in decaauts)
 A = Elapsed time spent in this place.
 B = Non-inter-level travel time spent in this place.
 C = Inter-level travel time spent in this place.
 D = Time resting spent in this place.
 E = Time spent auto-exploring this place.
 F = Levels seen in this place.
 G = Mean time per level.
                   A        B        C        D        E       F      G
               +--------+--------+--------+--------+--------+-----+--------+
         Total |   1040 |    941 |     99 |      0 |      0 |   6 |  173.3 |
       Dungeon |    913 |    814 |     99 |      0 |      0 |   5 |  182.6 |
        Temple |    126 |    126 |      0 |      0 |      0 |   1 |  126.0 |
               +--------+--------+--------+--------+--------+-----+--------+

Top non-repeatable levels by time:
     D:5: 280 daAuts
     D:2: 238 daAuts
     D:1: 238 daAuts
  Temple: 126 daAuts
     D:3: 85 daAuts
     D:4: 71 daAuts
